 Dungeon Crawl Stone Soup version 0.27-a0-1545-g3eddc1d3d3 (webtiles) character file.

Game seed: 5234776770987190096

3238 Kinoniko the Cleaver (level 10, -7/70 HPs)
             Began as a Formicid Fighter on July 13, 2021.
             Was a Believer of Okawaru.
             Mangled by a two-headed ogre (31 damage)
             ... on level 8 of the Dungeon.
             The game lasted 00:09:38 (8574 turns).

Kinoniko the Cleaver (Formicid Fighter)             Turns: 8574, Time: 00:09:39

Health: -7/70      AC: 11    Str: 24    XL:     10   Next: 18%
Magic:  13/13      EV:  6    Int:  8    God:    Okawaru [**....]
Gold:   478        SH: 15    Dex: 10    Spells: 9/9 levels left

rFire    . . .     SeeInvis +   a - +0 war axe
rCold    . . .     Faith    .   c - +3 kite shield
rNeg     . . .     Spirit   .   r - +0 plate armour
rPois    .         Reflect  .   (helmet unavailable)
rElec    .         Harm     .   (no cloak)
rCorr    .         Rampage  .   (no gloves)
Will     +....                  (no boots)
Stlth    ..........             (no amulet)
HPRegen  0.21/turn              (no ring)
MPRegen  0.13/turn              (no ring)

@: no status effects
A: permanent stasis, dig shafts and tunnels, antennae 3, four strong arms
a: Dig, Shaft Self, Renounce Religion, Heroism


You were on level 8 of the Dungeon.
You worshipped Okawaru.
Okawaru was pleased with you.
You visited 2 branches of the dungeon, and saw 9 of its levels.
You also visited: Ossuary.

You collected 478 gold pieces.

Inventory:

Hand Weapons
 a - a +0 war axe (weapon)
 h - a +5 flail
Missiles
 f - a throwing net
Armour
 c - a +3 kite shield (worn)
 e - the +7 chain mail "Iniod" {rPois Slay+3}
   (You found it on level 8 of the Dungeon)

   Slay:      It affects your accuracy & damage with ranged weapons and melee
   (+3).
   rPois:     It protects you from poison.
 l - a +0 chain mail
 r - a +0 plate armour (worn)
Wands
 s - a wand of flame (28)
Scrolls
 i - 2 scrolls of torment
 j - 2 scrolls of holy word
 m - 2 scrolls of identify
 n - 2 scrolls of magic mapping
 q - a scroll of amnesia
Potions
 b - 3 potions of lignification
 d - a potion of cancellation
 k - 2 potions of flight
 p - a potion of attraction


   Skills:
 - Level 3.2 Fighting
 * Level 10.7 Axes
 - Level 3.2 Armour
 + Level 9.6 Shields
 + Level 5.1 Invocations


You had 9 spell levels left.
You didn't know any spells.
Your spell library contained the following spells:

 Spells                   Type           Power      Damage    Failure   Level
 Ignite Poison            Fire/Tmut/Pois 0%         N/A       100%        3
 Lesser Beckoning         Tloc           0%         N/A       100%        3
 Dispersal                Tloc           0%         N/A       100%        6


Dungeon Overview and Level Annotations

Branches:
Dungeon (8/15)             Temple (1/1) D:6         Ossuary (visited)
   Lair: D:8-11

Altars:
Ashenzari
Fedhas
Gozag
Hepliaklqana
Kikubaaqudgha
Makhleb
Nemelex Xobeh
Okawaru
Qazlal
Ru
Sif Muna
Uskayaw
Wu Jian
Xom
Yredelemnul
The Shining One

Annotations:
D:6 4 transporters, Sergey's ghost, novice GrFi
D:8 Joseph


Innate Abilities, Weirdness & Mutations

You cannot be hasted, slowed, berserked, paralysed or teleported.
You can dig through walls and to a lower floor.
You have a pair of large antennae on your head. (SInv)
Your four strong arms can wield two-handed weapons with a shield.


Message History

You feel sick.
Your Invocations skill increases to level 5!
You feel sick.
You are no longer poisoned.
Things that are here:
a +1 dagger of chaos; a +2 robe of willpower Unknown command.
Magic restored.
You feel a little less agile now.
HP restored.
Found 23 sling bullets.
Found 17 gold pieces.
You now have 431 gold pieces (gained 14).
You now have 448 gold pieces (gained 17).
Found 19 gold pieces.
Found Badghosyj's Incunabulum of Dislocated Flames.
You now have 467 gold pieces (gained 19).
You pick up Badghosyj's Incunabulum of Dislocated Flames and begin reading...
You add the spells Ignite Poison, Lesser Beckoning and Dispersal to your library.
Found 11 gold pieces.
You now have 478 gold pieces (gained 11).
Found 25 arrows.
Found a brightly glowing chain mail.
You sense a monster nearby.
A two-headed ogre comes into view.
It is wielding a +0 giant spiked club and a +0 giant club.
The two-headed ogre shouts in stereo!
You see here the +7 chain mail "Iniod" {rPois Slay+3}.
e - the +7 chain mail "Iniod" {rPois Slay+3} You block the two-headed ogre's attack.
The two-headed ogre hits you with a +0 giant club!!
You slash the two-headed ogre!
The two-headed ogre is moderately wounded.
The two-headed ogre hits you with a +0 giant spiked club!!
The two-headed ogre hits you with a +0 giant club!
You hit the two-headed ogre.
The two-headed ogre is moderately wounded.
You barely miss the two-headed ogre.
The two-headed ogre is moderately wounded.
The two-headed ogre hits you with a +0 giant spiked club!!
You die...

#...# ### ##....
#...# ###.#
#..... #..##
####...## #.....
#..#####.......#
{ #....#.
#..##......#...##
#...###
#........###....#
#..#. #
#.......##
##...####++##
###.# ......###
##.........# #.
##..###
###@O.....# .#
###..# ###.....#
#. ##.# ....##
#.# ..# #### ..
#..# ##.# #@.
#..# ##.###
#{{..## ##.##..#


You could see a two-headed ogre.

Vanquished Creatures
  Pikel (D:8)
  Psyche (D:8)
  A wraith (Ossuary)
  An ice beast (D:7)
  An orc warrior (D:7)
  2 necrophages
  4 ogres
  A lemure (D:8)
  2 phantoms
  A bullfrog (D:6)
  A wyvern zombie (D:5)
  3 wights (D:7)
  4 howler monkeys
  A gnoll shaman (D:5)
  A bullfrog skeleton (D:7)
  2 hounds
  2 jellies
  A centaur skeleton (D:5)
  4 orc priests
  5 centaur zombies
  4 iguanas
  7 orc wizards
  A mummy (Ossuary)
  7 adders
  5 gnolls (D:5)
  2 shadow imps (D:6)
  2 ufetubi (D:5)
  A dart slug (D:1)
  30 orcs
  8 bats
  6 endoplasms
  4 giant cockroaches
  3 goblins
  9 hobgoblins
  5 jackals
  6 quokkas
  5 ball pythons
  2 frilled lizards (D:1)
  7 gnoll skeletons (Ossuary)
  4 kobolds
  4 kobold skeletons (Ossuary)
  14 orc skeletons (Ossuary)
  6 rats
181 creatures vanquished.

Vanquished Creatures (collateral kills)
  Blork the orc (D:6)
1 creature vanquished.

Grand Total: 182 creatures vanquished

Notes
Turn   | Place    | Note
-------+----------+-------------------------------------------
     0 | D:1      | Kinoniko the Formicid Fighter began the quest for the Orb.
     0 | D:1      | Reached XP level 1. HP: 18/18 MP: 1/1
   121 | D:1      | Reached XP level 2. HP: 23/24 MP: 2/2
   203 | D:1      | Found a faded altar of an unknown god.
   263 | D:1      | Reached XP level 3. HP: 25/29 MP: 3/3
   363 | D:1      | Reached skill level 3 in Axes
  1441 | D:3      | Reached XP level 4. HP: 26/35 MP: 4/4
  1445 | D:3      | HP: 1/35 [orc wizard/puff of flame (4)]
  1888 | D:3      | Reached skill level 4 in Axes
  2475 | D:4      | Reached XP level 5. HP: 27/41 MP: 5/5
  2635 | D:4      | Reached skill level 5 in Shields
  3183 | D:4      | Reached XP level 6. HP: 33/47 MP: 6/6
  3189 | D:4      | Reached skill level 5 in Axes
  3587 | D:4      | Noticed an ogre
  3592 | D:4      | Killed an ogre
  3593 | D:4      | Reached XP level 7. HP: 52/52 MP: 7/7
  3872 | D:4      | Reached skill level 6 in Axes
  4339 | D:5      | Entered Level 5 of the Dungeon
  4465 | D:5      | Reached skill level 7 in Axes
  4465 | D:5      | Reached XP level 8. HP: 23/58 MP: 8/8
  5147 | D:6      | Noticed an orc sorcerer
  5147 | D:6      | Found a transporter.
  5150 | D:6      | Noticed a kobold demonologist
  5197 | D:6      | Noticed Blork the orc
  5208 | D:6      | Killed Blork the orc
  5209 | D:6      | Reached skill level 8 in Axes
  5334 | D:6      | Noticed a rakshasa
  5344 | D:6      | Found a transporter.
  5344 | D:6      | Noticed a green ugly thing
  5357 | D:6      | Noticed Sergey's ghost (novice GrFi)
  5362 | D:6      | Found a transporter.
  5368 | D:6      | Noticed an ancient zyme
  5775 | D:6      | Reached XP level 9. HP: 54/64 MP: 9/9
  5776 | D:6      | Found a staircase to the Ecumenical Temple.
  5791 | Temple   | Entered the Ecumenical Temple
  5938 | Temple   | Became a worshipper of Warmaster Okawaru
  6396 | D:6      | Reached skill level 1 in Invocations
  6398 | D:6      | Found a broken altar of Ashenzari.
  6409 | D:6      | Reached skill level 9 in Axes
  6550 | D:6      | Found a transporter.
  6823 | D:7      | Found a sand-covered staircase.
  6832 | Ossuary  | Entered an ossuary
  7004 | Ossuary  | Reached * piety under Okawaru
  7557 | D:7      | Reached skill level 10 in Axes
  7633 | D:7      | Found the +14 obsidian axe {vorpal, Drain Fly SInv}
  7879 | D:8      | Noticed Pikel
  7880 | D:8      | Noticed Joseph
  7926 | D:8      | Killed Pikel
  7926 | D:8      | Reached ** piety under Okawaru
  7927 | D:8      | Reached XP level 10. HP: 29/70 MP: 13/13
  8216 | D:8      | Noticed Psyche
  8241 | D:8      | Killed Psyche
  8242 | D:8      | Reached skill level 5 in Invocations
  8394 | D:8      | Got Badghosyj's Incunabulum of Dislocated Flames
  8568 | D:8      | Noticed a two-headed ogre
  8570 | D:8      | Identified the +7 chain mail "Iniod" {rPois Slay+3}
  8574 | D:8      | Mangled by a two-headed ogre

Illustrated notes

Levels and vault maps discovered:
D:1:      dpeg_arrival_rooms_a, layout_rooms,
          shapermc_ecumenical_altar_acropolis
D:2:      layout_loops_ring
D:3:      layout_basic
D:4:      minmay_skewed_foursquare, layout_loops_ring, kennysheep_nub
D:5:      layout_rooms, minivault_14
D:6:      gammafunk_wand_slinger, layout_basic, mainiacjoe_overflow_24_doors,
          minmay_temple_entry_drinking_statues, gammafunk_ghost_abyssal_escape,
          uniq_blork_the_orc
D:7:      layout_rooms, enter_ossuary_1
D:8:      cheibrodos_quashed, layout_cave_pods, minmay_overflow_temple_hex,
          minmay_stone_trees_small, uniq_psyche, uniq_joseph, uniq_pikel
Temple:   regret_index_temple_waves

Skill      XL: |  1  2  3  4  5  6  7  8  9 10 |
---------------+-------------------------------+-----
Shields        | 4 5 6 8 9 |  9.6
Axes           | 3 4 5 7 8 10 | 10.7
Invocations    | 4 5 |  5.1
Fighting       | |  3.2
Armour         | |  3.2

Action                   |  1- 3 |  4- 6 |  7- 9 | 10-12 || total
-------------------------+-------+-------+-------+-------++-------
Melee: War axe           |    93 |   158 |   364 |    33 ||   648
Invok: Heroism           |       |       |     1 |       ||     1
  Use: Scroll            |       |     5 |    14 |     1 ||    20
       Potion            |       |     4 |     1 |     4 ||     9
Armor: Scale mail        |    26 |       |       |       ||    26
       Chain mail        |    13 |    79 |   113 |       ||   205
       Plate armour      |       |       |    13 |     4 ||    17
Dodge: Dodged            |    35 |    42 |    67 |     7 ||   151
Block: Kite shield       |    63 |    94 |   257 |    18 ||   432

Table legend: (Time is in decaauts)
 A = Elapsed time spent in this place.
 B = Non-inter-level travel time spent in this place.
 C = Inter-level travel time spent in this place.
 D = Time resting spent in this place.
 E = Time spent auto-exploring this place.
 F = Levels seen in this place.
 G = Mean time per level.
                   A        B        C        D        E       F      G
               +--------+--------+--------+--------+--------+-----+--------+
         Total |   8730 |   8548 |    182 |   1774 |   5235 |  10 |  873.0 |
       Dungeon |   8094 |   7936 |    158 |   1774 |   4735 |   8 | 1011.8 |
        Temple |    171 |    148 |     23 |      0 |    127 |   1 |  171.0 |
       Ossuary |    464 |    464 |      0 |      0 |    373 |   1 |  464.0 |
               +--------+--------+--------+--------+--------+-----+--------+

Top non-repeatable levels by time:
     D:4: 1977 daAuts
     D:6: 1396 daAuts
     D:3: 1180 daAuts
     D:5: 824 daAuts
     D:7: 807 daAuts
     D:2: 746 daAuts
     D:8: 604 daAuts
     D:1: 556 daAuts
 Ossuary: 464 daAuts
  Temple: 171 daAuts
